 Dungeon Crawl Stone Soup version 0.15.0-13-gb296d5c (webtiles) character file.

79 HungrySpirit the Poker (level 4, -14/33 HPs)
             Began as a Demonspawn Gladiator on Sept 2, 2014.
             Killed by divine providence
             ... invoked by an orc priest
              (16 damage)
             ... on Level 3 of the Dungeon.
             The game lasted 00:04:21 (2157 turns).

HungrySpirit the Poker (Demonspawn Gladiator)       Turns: 2157, Time: 00:04:21

HP -14/33        AC  7     Str 16      XL: 4   Next: 16%
MP   4/4         EV  9     Int 10      God:
Gold 131         SH  0     Dex 13      Spells:  0 memorised,  3 levels left

rFire  . . .     SeeInvis .     a - +0 trident
rCold  + . .     Clarity  .     q - +0 ring mail (curse)
rNeg   . . .     rCorr    .     (no shield)
rPois  .         rRot     .     c - +0 helmet
rElec  .         Spirit   .     (no cloak)
SustAb .         Warding  .     i - +0 pair of gloves (curse)
rMut   .         Stasis   .     (no boots)
Gourm  .                        (no amulet)
MR     .....                    (no ring)
                                (no ring)

@: not resistant to hostile enchantments, very unstealthy
A: talons 1, cold resistance 1
a: no special abilities


You were on level 3 of the Dungeon.
You were not hungry.

You visited 1 branch of the dungeon, and saw 3 of its levels.

You collected 131 gold pieces.

Inventory:

Hand weapons
 a - a +0 trident (weapon)
Missiles
 d - 3 throwing nets (quivered)
Armour
 c - a +0 helmet (worn)
 i - a cursed +0 pair of gloves (worn)
 q - a cursed +0 ring mail (worn)
Comestibles
 f - 2 bread rations
 p - a beef jerky
Scrolls
 g - a scroll of magic mapping {unknown}
 j - a scroll of fear {unknown}
 m - a scroll of identify {unknown}
 o - 2 scrolls of remove curse {unknown}
Potions
 e - a potion of restore abilities
 h - a potion of curing {unknown}
 k - a potion of degeneration {unknown}
 l - a potion of cancellation {unknown}
 n - a potion of porridge


   Skills:
 - Level 2.0 Fighting
 + Level 4.5 Polearms
 - Level 1.7 Throwing
 - Level 2.6 Dodging


You had 3 spell levels left.
You didn't know any spells.

Dungeon Overview and Level Annotations

Branches:
Dungeon (3/15)

Altars:


Innate Abilities, Weirdness & Mutations

You have sharp toenails.
Your flesh is cold resistant.


Message History

You claw the orc priest, but do no damage.
The orc priest is almost dead.
The orc priest hits you.
* * * LOW HITPOINT WARNING * * *
The orc hits you with a hand axe.
* * * LOW HITPOINT WARNING * * *
Attack whom?
Press: ? - help, Dir - move target cursor, f/p - orc priest
Aim: an orc priest wearing a ring mail (almost dead)
You barely miss the orc priest.
The orc priest is almost dead.
The orc barely misses you.
The orc priest hits you but does no damage.
The orc hits you with a hand axe.
* * * LOW HITPOINT WARNING * * *
Drink which item? (? for menu, Esc to quit)
You feel refreshed.
It was a potion of restore abilities.
The orc priest mumbles some strange prayers to Beogh against you.
Something smites you!
You die...

####### ### ......#
#.. ......# #.# .
......# #.# ...
.....##
#####o####.....#
.....#
#...o@oob......#
>....#
#.#########+#.##
.....#######.........
..........%.......)..
#########.########.#
#.# #.# #########.#
#...[..%..#


You could see an orc priest, 3 orcs and a bat.

Vanquished Creatures
  An adder (D:1)
  A worm (D:3)
  A giant mite (D:2)
  An orc (D:3)
  A ball python (D:1)
  7 bats
  3 giant cockroaches
  6 hobgoblins
  6 jackals
  10 kobolds
  4 giant newts
  4 goblins
  2 hobgoblin zombies (D:1)
  5 rats
52 creatures vanquished.

Notes
Turn   | Place    | Note
--------------------------------------------------------------
     0 | D:1      | HungrySpirit, the Demonspawn Gladiator, began the quest for the Orb.
     0 | D:1      | Reached XP level 1. HP: 16/16 MP: 1/1
   109 | D:1      | Reached skill level 3 in Polearms
   271 | D:1      | Gained mutation: Your flesh is cold resistant. [demonic ancestry]
   271 | D:1      | Reached XP level 2. HP: 22/22 MP: 2/2
  1089 | D:1      | Reached XP level 3. HP: 12/27 MP: 3/3
  1345 | D:2      | Reached skill level 4 in Polearms
  2062 | D:3      | Gained mutation: You have sharp toenails. [demonic ancestry]
  2062 | D:3      | Reached XP level 4. HP: 33/33 MP: 4/4
  2157 | D:3      | Killed from afar by an orc priest

Action                   |  1- 3 |  4- 6 || total
-------------------------+-------+-------++-------
Melee: Trident           |   189 |    35 ||   224
  Use: Potion            |       |     1 ||     1
  Eat: Chunk             |     4 |       ||     4
